 Dungeon Crawl Stone Soup version 0.31-a0-1074-g0b22e4e0f1 (webtiles) character file.

Game seed: 15941148209723813431

2793 avis the Nimble (level 9, 0/40 HPs)
             Began as a Felid Shapeshifter on Dec 3, 2023.
             Was an Initiate of Gozag.
             Slain by a wolf (10 damage)
             ... led by Grum
             ... on level 9 of the Dungeon.
             The game lasted 00:44:23 (8047 turns).

avis the Nimble (Felid Shapeshifter)                Turns: 8047, Time: 00:44:23

Health: 0/40       AC:  2    Str: 10    XL:     9   Next: 43%
Magic:  28/28      EV: 26    Int: 12    God:    Gozag
Gold:   657        SH:  0    Dex: 19    Spells: 6/8 levels left
                                        Lives:  0   Deaths: 2

rFire   . .          .
                       - Unarmed
rCold   . . .        (shield unavailable)
rNeg    . . .        (body armour unavailable)
rPois   .            (helmet unavailable)
rElec   .            (cloak unavailable)
rCorr   .            (gloves unavailable)
SInv    +            (boots unavailable)
Will    +....        m - amulet of magic regeneration
Stlth   +            p - ring of magical power
HPRegen 0.26/turn    h - ring of magical power
MPRegen 0.61/turn

%: no passive effects
@: flux-form, glowing, quick
A: glow, contaminating, very small, claws 1, fangs 3, see invisible, speed 1,
shaggy fur 2, stealthy paws, no weapons or thrown items, no armour, multi-lived
a: Begin Untransformation, Renounce Religion, Potion Petition, Call Merchant,
Bribe Branch


You were on level 9 of the Dungeon.
You worshipped Gozag.
Gozag was pleased with you.
You were something dangerously unstable.
You visited 2 branches of the dungeon, and saw 10 of its levels.

You collected 761 gold pieces.
You paid 104 gold pieces to Gozag.

Inventory:

Jewellery
 h - a ring of magical power (right paw)
 m - an amulet of magic regeneration (around neck)
 p - a ring of magical power (left paw)
Talismans
 f - a flux talisman (active)
 l - a blade talisman
Wands
 s - a wand of acid (9)
 t - a wand of polymorph (3)
 y - a wand of iceblast (11)
Scrolls
 e - 2 scrolls of revelation {unknown}
 i - 2 scrolls of vulnerability {unknown}
 j - a scroll of brand weapon
 n - 2 scrolls of amnesia {unknown}
 r - a scroll of fear {unknown}
 u - a scroll of torment {unknown}
 v - a scroll of poison {unknown}
 w - a scroll of enchant armour {unknown}
 z - 2 scrolls of teleportation {unknown}
 B - a scroll of blinking {unknown}
Potions
 a - 5 potions of lignification
 b - a potion of ambrosia
 c - 2 potions of magic
 k - 2 potions of brilliance
 o - a potion of resistance
 q - 3 potions of curing
 x - 2 potions of enlightenment
 A - a potion of might


   Skills:
 - Level 5.0 Fighting
 - Level 12.0 Dodging
 - Level 3.0 Unarmed Combat
 - Level 2.0 Evocations
 * Level 8.4 Shapeshifting


You had 6 spell levels left.
You knew the following spells:

 Your Spells              Type           Power      Damage    Failure   Level
e - Wereblood             Tmut           0%         N/A       45%         2

Your spell library contained the following spells:

 Spells                   Type           Power      Damage    Failure   Level
 Apportation              Tloc           0%         N/A       32%         1
 Freeze                   Ice            0%         1d3       32%         1
 Necrotise                Necr           0%         1d4       32%         1
 Summon Small Mammal      Summ           0%         N/A       32%         1
 Poisonous Vapours        Pois/Air       0%         N/A       45%         2
 Sublimation of Blood     Necr           0%         N/A       45%         2
 Frozen Ramparts          Ice            0%         1d1       69%         3
 Gell's Gravitas          Tloc           0%         N/A       69%         3
 Hailstorm                Conj/Ice       0%         3d3       69%         3
 Mephitic Cloud           Conj/Pois/Air  0%         N/A       69%         3
 Teleport Other           Tloc           0%         N/A       69%         3
 Tukima's Dance           Hex            0%         N/A       69%         3
 Passage of Golubria      Tloc           0%         N/A       97%         4
 Petrify                  Tmut/Erth      0%         N/A       97%         4
 Freezing Cloud           Conj/Ice/Air   0%         6-21      100%        5
 Irradiate                Conj/Tmut      0%         3d11      100%        5
 Yara's Violent Unravell  Hex/Tmut       0%         3d3       100%        5
 Dispersal                Tloc           0%         N/A       100%        6
 Summon Hydra             Summ           0%         N/A       100%        7


Dungeon Overview and Level Annotations

Branches:
Dungeon (10/15)            Temple (1/1) D:7
   Lair: D:8-11         Orc: D:9-12

Altars:
Ashenzari
Cheibriados
Dithmenos
Fedhas
Gozag
Hepliaklqana
Kikubaaqudgha
Makhleb
Nemelex Xobeh
Okawaru
Qazlal
Ru
Sif Muna
Uskayaw
Vehumet
Wu Jian
Xom
Yredelemnul
The Shining One

Shops:
D:2 :([*[   D:6 (

Annotations:
D:9 Grum


Innate Abilities, Weirdness & Mutations

You are something dangerously unstable.
You glow with magical radiation, making you easy to see and hit.
Foes you strike become dangerously contaminated with magical radiation.
You have sharp claws.
You have razor-sharp teeth.
You have supernaturally acute eyesight. (SInv)
You cover ground quickly. (Speed+)
You are covered in thick fur. (AC +2)
Your paws help you pounce on unaware monsters.
You are incapable of wielding weapons or throwing items.
You cannot wear armour.
You gain extra lives every three experience levels.


Message History

Found a trident.
The wolf attacks as it pursues you! The wolf barely misses you.
The wolf attacks as it pursues you! The wolf completely misses you.
The wolf attacks as it pursues you! The wolf bites you.
The gnoll bouda gazes fiercely through you!
You feel your attacks grow feeble. The wolf completely misses you.
The wolf attacks as it pursues you! The wolf misses you.
The wolf completely misses you. The wolf attacks as it pursues you!
The wolf closely misses you. The wolf attacks as it pursues you!
The wolf barely misses you. The wolf bites you.
The gnoll bouda barks out a call to the hunt!
Grum picks up the pace!
Found a fuming purple potion.
Your attacks no longer feel as feeble.
The wolf bites you.
Grum glances around and shouts, "King!
Here boy!"
Found a dagger.
The wolf closely misses you. The wolf attacks as it pursues you!
The wolf completely misses you. x2
You see here a fuming purple potion.
A centaur comes into view.
The centaur shouts!
The centaur wields a +0 orcbow.
The centaur shoots an arrow.
The arrow hits you!
* * * LOW HITPOINT WARNING * * *
The wolf attacks as it pursues you! The wolf completely misses you.
The centaur shoots an arrow.
The arrow misses you. The wolf barely misses you.
The wolf attacks as it pursues you! The wolf misses you.
The centaur unwields a +0 orcbow.
The centaur misses you. x2
The centaur closely misses you. The centaur completely misses you.
The wolf closely misses you. The centaur completely misses you.
The centaur misses you. The wolf attacks as it pursues you!
The wolf closely misses you.
The centaur wields a +0 orcbow.
The centaur shoots an arrow.
The arrow closely misses you. The wolf attacks as it pursues you!
The wolf completely misses you. The wolf attacks as it pursues you!
The wolf bites you!
You die...
Your body crumbles into a pile of gold.

#... ....# #.
#... ...# .
#.##..# #.$#
..####.##..# #>.#
......##..# #.h#
.....##..# #..#
#......# #..#..
#..)...####.....#
...
#..g.c.hp.....<.#
...
#..###..>...##..#
.. #.!# #......#
..# #. #..#
#......# ..#
#.###..# #......#
.. # #......#
#^.....# ... #.
#......# #......#
#.###......#
#......#
#......###.#


You could see Grum (swift), a wolf and a centaur.

Vanquished Creatures
  2 trolls
  Eustachio (D:4)
  A water moccasin (D:5)
  An ice beast (D:6)
  2 sky beasts
  4 ogres (D:5)
  2 wolves (D:10)
  2 centaurs
  A phantom (D:6)
  2 bullfrogs (D:7)
  A scorpion (D:6)
  5 wights (D:6)
  A jelly (D:4)
  4 hounds
  2 orc priests
  A sleepcap (D:5)
  3 iguanas
  Natasha (thrice) (D:3 D:2)
  3 orc wizards
  11 adders
  6 ufetubi
  4 worms
  A dart slug (D:2)
  12 orcs
  4 endoplasms
  3 giant cockroaches
  6 hobgoblins
  6 quokkas
  6 ball pythons
  6 bats
  4 frilled lizards
  2 goblins (D:4)
  9 kobolds
  5 rats
126 creatures vanquished.

Notes
Turn   | Place    | Note
-------+----------+-------------------------------------------
     0 | D:1      | avis the Felid Shapeshifter began the quest for the Orb.
     0 | D:1      | Reached XP level 1. HP: 9/9 MP: 2/2
   214 | D:1      | Reached XP level 2. HP: 8/13 MP: 3/3
   268 | D:1      | Reached skill level 3 in Dodging
   697 | D:2      | Found Fuprus's Antique Armour Shop.
   714 | D:2      | Found Beploveu's Book Emporium.
   761 | D:2      | Found Wigutz's Weapon Shop.
   874 | D:2      | Found Mudazyor's Armour Shop.
   923 | D:2      | Reached XP level 3. HP: 14/16 MP: 4/4
  1030 | D:2      | Found Dacwotwy's Assorted Antiques.
  1140 | D:2      | Reached skill level 4 in Dodging
  1140 | D:2      | Reached XP level 4. HP: 21/21 MP: 5/5
  1676 | D:3      | Reached skill level 5 in Dodging
  2014 | D:3      | Noticed Natasha
  2024 | D:3      | Killed Natasha
  2025 | D:3      | Reached XP level 5. HP: 11/24 MP: 6/6
  2028 | D:3      | Noticed Natasha
  2231 | D:3      | Killed Natasha
  2232 | D:3      | Reached skill level 6 in Dodging
  2822 | D:3      | Noticed Natasha
  2873 | D:2      | Killed Natasha
  3053 | D:4      | Noticed Eustachio
  3053 | D:4      | Noticed a sky beast
  3062 | D:4      | Killed a sky beast
  3063 | D:4      | Gained mutation: You are covered in thick fur. (AC +2)
                  | [Felid growth]
  3063 | D:4      | Reached XP level 6. HP: 28/28 MP: 7/7
  3073 | D:4      | Killed Eustachio
  3074 | D:4      | Reached skill level 5 in Shapeshifting
  3319 | D:4      | Reached XP level 7. HP: 25/31 MP: 8/8
  3975 | D:5      | Entered Level 5 of the Dungeon
  4043 | D:5      | Reached skill level 7 in Dodging
  4266 | D:5      | Reached skill level 8 in Dodging
  4309 | D:5      | Found a glowing golden altar of the Shining One.
  4346 | D:5      | Reached XP level 8. HP: 28/34 MP: 9/9
  4353 | D:5      | Reached skill level 9 in Dodging
  4771 | D:5      | Found a hazy altar of Hepliaklqana.
  4772 | D:5      | Found a shadowy altar of Dithmenos.
  4879 | D:5      | Found an opulent altar of Gozag.
  4901 | D:5      | Became a worshipper of Gozag Ym Sagoz the Greedy
  5295 | D:6      | Reached skill level 5 in Fighting
  5472 | D:6      | Found Ecse's Antique Weapon Emporium.
  5758 | D:6      | Reached skill level 10 in Dodging
  6162 | D:6      | Found a stormy altar of Qazlal.
  6185 | D:6      | Reached skill level 11 in Dodging
  6200 | D:6      | Reached XP level 9. HP: 11/40 MP: 10/10
  6621 | D:7      | Found a staircase to the Ecumenical Temple.
  6639 | Temple   | Entered the Ecumenical Temple
  6665 | D:7      | Reached skill level 1 in Evocations
  7501 | D:7      | You fall into a shaft and drop 3 floors!
  7501 | D:10     | Entered Level 10 of the Dungeon
  7599 | D:10     | Noticed a two-headed ogre
  7621 | D:10     | Learned a level 2 spell: Wereblood
  7734 | D:10     | Noticed a troll
  7742 | D:10     | Killed a troll
  7743 | D:10     | Reached skill level 12 in Dodging
  7826 | D:9      | Noticed Grum
  7832 | D:9      | Noticed a troll
  7946 | D:9      | Killed a troll
  7946 | D:9      | Slain by a wolf
  7983 | D:9      | Mangled by Grum
  8019 | D:9      | Noticed a troll
  8020 | D:9      | Noticed a two-headed ogre
  8047 | D:9      | Slain by a wolf

Illustrated notes

Levels and vault maps discovered:
D:1:      onia_arrival_mini_spirals, layout_loops_cross
D:2:      layout_rooms, serial_curves, eino_curves_02, eino_curves_02,
          eino_curves_01, eino_curves_02, serial_shops, shop,
          nicolae_shop_bloodbath_and_beyond, nicolae_shop_window_shopping,
          nicolae_shop_tiny_waterfront, shop_statue
D:3:      layout_basic, uniq_natasha
D:4:      layout_loops_ring, uniq_eustachio
D:5:      layout_loops_ring, riverfiend_overflow_shadow_ancestor,
          lemuel_round_altar, nicolae_gozag_cash_rules_everything_around_me
D:6:      layout_rooms, nicolae_qazlal_beasts_of_the_sky, serial_shops, shop,
          grunt_decor_resistance
D:7:      layout_gridville, minmay_temple_entry_slanted
D:9:      minmay_the_grid_triangle_9x9_recursive_2
          [minmay_the_grid_triangle_9x9_prize_insulated,
          minmay_the_grid_triangle_9x9_steps,
          minmay_the_grid_triangle_9x9_negative_grid,
          minmay_the_grid_triangle_9x9_odd_lines], layout_long_grid,
          gammafunk_temple_overflow_statue, uniq_grum
D:10:     layout_gridville, orc_0_dummy
Temple:   nicolae_temple_ecumenical_triangle

Skill      XL: |  1  2  3  4  5  6  7  8  9 |
---------------+----------------------------+-----
Fighting       | 2 3 5 |  5.0
Dodging        | 3 4 5 6 8 11 12 | 12.0
Shapeshifting  | 4 6 7 8 |  8.4
Evocations     | 2 |  2.0
Unarmed Combat | |  3.0

Action                     |  1- 3 |  4- 6 |  7- 9 || total
---------------------------+-------+-------+-------++-------
  Melee: Unarmed           |    67 |   119 |   303 ||   489
         Bite              |     8 |     8 |    47 ||    63
         Punch             |       |     2 |       ||     2
  Evoke: Wand              |       |     2 |       ||     2
    Use: Scroll            |       |     5 |     8 ||    13
         Potion            |       |       |     2 ||     2
   Stab: Sleeping          |     1 |     3 |     1 ||     5
         Distracted        |       |     1 |       ||     1
 Armour: Skin              |    17 |    48 |   102 ||   167
  Dodge: Dodged            |    52 |    75 |   395 ||   522
   Form: Flux              |       |     1 |       ||     1

Table legend: (Time is in decaauts)
 A = Elapsed time spent in this place.
 B = Non-inter-level travel time spent in this place.
 C = Inter-level travel time spent in this place.
 D = Time resting spent in this place.
 E = Time spent auto-exploring this place.
 F = Levels seen in this place.
 G = Mean time per level.
                   A        B        C        D        E       F      G
               +--------+--------+--------+--------+--------+-----+--------+
         Total |   7029 |   6289 |    740 |   1724 |   2450 |  10 |  702.9 |
       Dungeon |   7022 |   6282 |    740 |   1724 |   2450 |   9 |  780.2 |
        Temple |      7 |      7 |      0 |      0 |      0 |   1 |    7.0 |
               +--------+--------+--------+--------+--------+-----+--------+

Top non-repeatable levels by time:
     D:5: 1150 daAuts
     D:6: 1054 daAuts
     D:4: 952 daAuts
     D:2: 939 daAuts
     D:3: 925 daAuts
     D:1: 767 daAuts
     D:7: 753 daAuts
    D:10: 378 daAuts
     D:9: 100 daAuts
  Temple: 7 daAuts
